 Dungeon Crawl Stone Soup version 0.18.1-6-gd335043 (webtiles) character file.

143 Zhenya25pyc the Skirmisher (level 5, -8/34 HPs)
             Began as a Gargoyle Fighter on May 15, 2016.
             Killed by divine providence
             ... invoked by an orc priest
              (14 damage)
             ... on level 3 of the Dungeon.
             The game lasted 00:04:02 (2224 turns).

Zhenya25pyc the Skirmisher (Gargoyle Fighter)       Turns: 2224, Time: 00:04:02

Health: -8/34      AC: 13    Str: 21    XL:     5   Next: 25%
Magic:  5/5        EV:  8    Int:  8    God:
Gold:   109        SH:  9    Dex:  9    Spells: 0 memorised, 4 levels left

rFire  . . .     SeeInvis .     p - +0 flail (crush)
rCold  + . .     Gourm    .     w - +2 ring mail {rC+}
rNeg   + . .     Faith    .     c - +0 shield
rPois  ∞         Spirit   .     (no helmet)
rElec  +         Dismiss  .     (no cloak)
rCorr  +         Reflect  .     k - +0 pair of gloves
SustAt .         Harm     .     (no boots)
MR     .....                    (no amulet)
Stlth  ..........               (no ring)
                                r - ring of resist corrosion

@: not resistant to hostile enchantments, extremely unstealthy
A: negative energy resistance 1, electricity resistance, unbreathing,
petrification resistance, rot immunity, AC +4
a: no special abilities


You were on level 3 of the Dungeon.
You were not hungry.

You visited 1 branch of the dungeon, and saw 3 of its levels.

You collected 109 gold pieces.

Inventory:

Hand Weapons
 p - a +0 flail of crushing (weapon)
Armour
 c - a +0 shield (worn)
 k - a +0 pair of gloves (worn)
 w - a +2 ring mail of cold resistance (worn)
Jewellery
 r - a ring of resist corrosion (left hand)
 y - an uncursed ring of wizardry {unknown}
Wands
 t - a wand of random effects (31/48)
Scrolls
 e - 4 scrolls of identify {unknown}
 i - a scroll of random uselessness {unknown}
 j - 2 scrolls of immolation {unknown}
 l - 2 scrolls of magic mapping {unknown}
 o - 2 scrolls of remove curse {unknown}
 q - a scroll of noise {unknown}
 s - a scroll of amnesia {unknown}
 u - a scroll of recharging {unknown}
Potions
 d - a potion of might
 h - a potion of heal wounds {unknown}
 m - a potion of curing {unknown}
 n - a potion of lignification {unknown}
 v - 2 potions of cure mutation {unknown}
 x - a potion of brilliance {unknown}
Comestibles
 a - a beef jerky
 b - 3 chunks of flesh
 f - 4 bread rations
 g - 3 meat rations


   Skills:
 + Level 4.4 Fighting
 * Level 3.8 Maces & Flails
 + Level 4.2 Armour
 - Level 3.2 Shields


You had 4 spell levels left.
You didn't know any spells.

Dungeon Overview and Level Annotations

Branches:
Dungeon (3/15)

Altars:
Gozag
Xom
Zin


Innate Abilities, Weirdness & Mutations

You are resistant to torment.
Your stone body is resilient (AC +4).
You are immune to poison.
You resist negative energy.
You are resistant to electric shocks.
You can survive without breathing.
You are immune to petrification.
You are immune to rotting.


Message History

The orc hits you but does no damage.
You closely miss the orc.
The orc is moderately wounded.
The orc hits you but does no damage.
You hit the orc.
The orc is almost dead.
The orc hits you but does no damage.
Some of the chunks of flesh in your inventory have rotted away.
You barely miss the orc.
The orc is almost dead.
The orc hits you but does no damage.
You closely miss the orc.
The orc is almost dead.
The orc barely misses you. The orc hits you with a flail.
* * * LOW HITPOINT WARNING * * *
You hit the orc but do no damage.
The orc is almost dead.
The orc priest invokes the aid of Beogh against you.
Beogh smites you!
You die...

..#### #.(.#.#######
.....#######
###.#.......#
............
..>####.........#
.....†......
.........)......#
.###########
..####.#.......# .#
##..#...<...# .####### #
#(.##.)....... .......[
....#######(###.......#.
.#######
#....@ooro............
.#
#########..####.####..
.# #..# .. . .# ro.# ...
## .#.# ... .. .. .. .#.
... .#.


You could see an orc priest, an orc wizard, an orc and a rat.

Vanquished Creatures
  Jessica (D:2)
  2 adders
  5 worms
  A dart slug (D:1)
  A giant gecko (D:1)
  6 orcs (D:3)
  3 ball pythons (D:1)
  6 bats
  2 giant cockroaches
  8 goblins
  4 hobgoblins (D:1)
  7 jackals
  5 kobolds
  4 quokkas
  3 giant newts
  18 rats
76 creatures vanquished.

Notes
Turn   | Place    | Note
--------------------------------------------------------------
     0 | D:1      | Zhenya25pyc the Gargoyle Fighter began the quest for the Orb.
     0 | D:1      | Reached XP level 1. HP: 14/14 MP: 1/1
    31 | D:1      | Reached XP level 2. HP: 8/19 MP: 2/2
   647 | D:1      | Reached XP level 3. HP: 24/24 MP: 3/3
  1580 | D:2      | Found a glowing silver altar of Zin.
  1581 | D:2      | Noticed an angel
  1585 | D:2      | Found a shimmering altar of Xom.
  1608 | D:2      | Reached XP level 4. HP: 26/29 MP: 4/4
  1700 | D:2      | Noticed Jessica
  1706 | D:2      | Killed Jessica
  2011 | D:3      | Found an opulent altar of Gozag.
  2017 | D:3      | Reached XP level 5. HP: 34/34 MP: 5/5
  2224 | D:3      | Killed from afar by an orc priest

Skill      XL: |  1  2  3  4 |
---------------+-------------+-----
Maces & Flails | 3 |  3.8
Fighting       | 4 |  4.4
Armour         | 4 |  4.2
Shields        | |  3.2

Action                   |  1- 3 |  4- 6 || total
-------------------------+-------+-------++-------
Melee: Flail             |   155 |   117 ||   272
  Eat: Chunk             |     2 |     3 ||     5
Armor: Scale mail        |   131 |    21 ||   152
       Ring mail         |       |    50 ||    50
Dodge: Dodged            |    55 |    52 ||   107
Block: Shield            |   124 |    70 ||   194
